 Dungeon Crawl Stone Soup version 0.30.0-10-gfe55d96785 (webtiles) character file.

Game seed: 6208362317577660015

1369 hawla the Reanimator (level 9, 0/64 HPs)
             Began as a Meteoran Necromancer on May 14, 2023.
             Slain by an orc warrior
             ... wielding a +0 short sword
              (11 damage)
             ... on level 7 of the Dungeon.
             The game lasted 00:15:22 (2372 turns).

hawla the Reanimator (Meteoran Necromancer)         Turns: 2372, Time: 00:15:22

Health: 0/64       AC:  2    Str: 10    XL:     9   Next: 18%
Magic:  3/20       EV: 13    Int: 22    God:
Gold:   102        SH:  0    Dex: 14    Spells: 14/22 levels left

rFire   . . .        g - +2 war axe (distort)
rCold   . . .        (no shield)
rNeg    . . .        a - +0 robe
rPois   +            (no helmet)
rElec   .            (no cloak)
rCorr   .            (no gloves)
SInv    +            (no boots)
Will    +....        (no amulet)
Stlth   +            f - ring of see invisible
HPRegen 0.30/turn    n - ring of poison resistance
MPRegen 0.17/turn

%: no passive effects
@: glowing
A: sense surroundings 2, otherworldly, glowing, explore regen
a: no special abilities


You were on level 7 of the Dungeon.
You visited 2 branches of the dungeon, and saw 8 of its levels.

You collected 212 gold pieces.
You spent 110 gold pieces at shops.

Inventory:

Hand Weapons
 c - a +0 quarterstaff
 g - a +2 war axe of distortion (weapon)
Armour
 a - a +0 robe (worn)
Magical Staves
 k - a staff of cold
Jewellery
 f - a ring of see invisible (left hand)
 n - a ring of poison resistance (right hand)
Scrolls
 e - a scroll of blinking
 h - 2 scrolls of teleportation
 j - 4 scrolls of identify
 l - a scroll of enchant weapon {unknown}
 m - 2 scrolls of fear
Potions
 b - a potion of magic
 d - a potion of mutation {unknown}
 i - 2 potions of might {unknown}
 o - a potion of cancellation {unknown}


   Skills:
 + Level 1.2 Fighting
 * Level 3.0 Staves
 + Level 3.4 Dodging
 - Level 1.4 Stealth
 + Level 7.1 Spellcasting
 + Level 8.5 Necromancy
 + Level 3.0 Ice Magic
 + Level 3.0 Evocations


You had 14 spell levels left.
You knew the following spells:

 Your Spells              Type           Power      Damage    Failure   Level
a - Necrotise             Necr           100%       1d9       1%          1
b - Vampiric Draining     Necr           45%        2d9       1%          3
c - Animate Dead          Necr           45%        N/A       2%          4

Your spell library contained the following spells:

 Spells                   Type           Power      Damage    Failure   Level
 Agony                    Necr           45%        N/A       7%          5
 Sandblast                Erth           14%        2d6       9%          1
 Passwall                 Tmut/Erth      5%         N/A       12%         2
 Dazzling Flash           Conj/Hex       14%        N/A       24%         3
 Stone Arrow              Conj/Erth      14%        3d7       24%         3
 Silence                  Hex/Air        3%         N/A       92%         5


Dungeon Overview and Level Annotations

Branches:
Dungeon (7/15) Zot: 982    Temple (1/1) D:5 Zot: 360

Altars:
Cheibriados
Dithmenos
Elyvilon
Fedhas
Gozag
Makhleb
Okawaru
Qazlal
Ru
Sif Muna
Trog
Uskayaw
Vehumet
Wu Jian
The Shining One

Shops:
D:4 ?

Annotations:
D:5 1 runed translucent door, Crazy Yiuf


Innate Abilities, Weirdness & Mutations

You passively map the area around you.
You are easily found by Zot.
You glow in the dark.
You regain HP and MP as you explore.


Message History

The steam dragon claws you but does no damage.
Casting: Necrotise (safe; 1% risk of failure)
Confirm with . or Enter, or press ? or * to list all spells.
Aiming: Necrotise (safe; 1% risk of failure)
Press: ? - help, Shift-Dir - straight line, f/p - steam dragon
Aim: a steam dragon (moderately wounded, ally target, chance to affect: 83%)
The steam dragon barely resists.
Maggie hits the steam dragon.
The steam dragon breathes steam at Maggie.
The ball of steam hits Maggie!
Your orc wizard zombie hits the steam dragon but does no damage.
Maggie barely misses the steam dragon.
The steam dragon bites you!
* * * LOW HITPOINT WARNING * * *
The steam dragon claws you.
* * * LOW HITPOINT WARNING * * *
Your orc wizard zombie closely misses the steam dragon.
Unknown command.
Casting: Necrotise (safe; 1% risk of failure)
Confirm with . or Enter, or press ? or * to list all spells.
Aiming: Vampiric Draining (safe; 1% risk of failure)
Press: ? - help, Shift-Dir - straight line, f/p - steam dragon
Aim: a steam dragon (steam, moderately wounded, catching its breath, ally target)
You draw life force from the steam dragon!
You feel life coursing into your body! The steam dragon bites you!
* * * LOW HITPOINT WARNING * * *
The steam dragon closely misses you.
The orc warrior hits you with a +0 short sword.
* * * LOW HITPOINT WARNING * * *
Maggie is engulfed in a cloud of scalding steam.
Maggie completely misses the steam dragon.
Casting: Vampiric Draining (safe; 1% risk of failure)
Confirm with . or Enter, or press ? or * to list all spells.
Aiming: Vampiric Draining (safe; 1% risk of failure)
Press: ? - help, Shift-Dir - straight line, f/p - steam dragon
Aim: a steam dragon (severely wounded, catching its breath, ally target)
You draw life force from the steam dragon!
You kill the steam dragon!
You feel life coursing into your body. The orc hits you with a +0 mace.
* * * LOW HITPOINT WARNING * * *
The orc warrior hits you with a +0 short sword!
You die...

, ,
#*#.....##.§.§§....§.. ,
* #.#..##..#.§§§§._.....
.......§§#....§...§..§ *
, ,
.##.....§###§§.§.§.§§# ,
# #.#....# ##§§§.§§§## *
, .####.#§...#####§..§§#
#
.......Z§....##*#..§##*#
,, , .......Z§§......
.§.. ,. ,
.......@......## * ,,..
, .......oo....## ,,, ,
*** .#..[.........# * ,
, * #...##......... , ,
#.... .......... *
*#....*##....... ,, **
.... ,......., * * ... ,
,....... , , , ,,,, ,
,,,


You could see an orc warrior (ally target), an orc, a friendly orc wizard zombie
and the friendly Maggie the human zombie.

Vanquished Creatures
  Maggie (D:7)
  A steam dragon (D:7)
  The ghost of bungle the Magician, an amateur DjAE (D:4)
  2 water moccasins
  A sky beast (D:6)
  A kobold brigand (D:6)
  2 bullfrogs
  A scorpion (D:6)
  A jelly (D:5)
  An orc priest (D:5)
  2 hounds (D:4)
  3 iguanas
  An orc wizard (D:7)
  3 gnolls (D:4)
  5 adders
  A worm (D:2)
  4 orcs
  2 bats (D:3)
  3 endoplasms
  A giant cockroach (D:2)
  2 goblins
  5 hobgoblins
  5 jackals
  A ball python (D:2)
  6 kobolds
  3 rats
59 creatures vanquished.

Vanquished Creatures (collateral kills)
  An iguana (D:5)
  A gnoll (D:4)
  2 white imps (D:6)
  A worm (D:4)
  A dart slug (D:3)
  A giant cockroach (D:2)
  A jackal (D:5)
  4 kobolds (D:6)
  A frilled lizard (D:3)
13 creatures vanquished.

Vanquished Creatures (others)
  A bullfrog zombie (D:6)
  An endoplasm zombie (D:4)
  A jackal zombie (D:5)
3 creatures vanquished.

Grand Total: 75 creatures vanquished

Notes
Turn   | Place    | Note
-------+----------+-------------------------------------------
     0 | D:1      | hawla the Meteoran Necromancer began the quest for the Orb.
     0 | D:1      | Reached XP level 1. HP: 14/14 MP: 5/5
    53 | D:2      | Reached XP level 2. HP: 20/20 MP: 3/6
   128 | D:3      | Identified the +5 ring mail of Heosotat {+Blink}
   142 | D:3      | Reached XP level 3. HP: 21/26 MP: 1/8
   151 | D:3      | Reached skill level 5 in Necromancy
   272 | D:3      | Reached XP level 4. HP: 29/33 MP: 2/10
   276 | D:3      | Learned a level 3 spell: Vampiric Draining
   407 | D:4      | Learned a level 4 spell: Animate Dead
   432 | D:4      | Reached XP level 5. HP: 8/38 MP: 0/11
   504 | D:4      | Noticed a water moccasin
   511 | D:4      | Killed a water moccasin
   512 | D:4      | Reached skill level 6 in Necromancy
   512 | D:4      | Reached XP level 6. HP: 29/45 MP: 0/12
   533 | D:4      | Reached skill level 7 in Necromancy
   563 | D:4      | Found a runed translucent door.
   624 | D:4      | Noticed bungle's ghost (amateur DjAE)
   753 | D:4      | Found Kalezub's Magic Scroll Boutique.
   760 | D:4      | Bought a scroll of teleportation for 30 gold pieces
   760 | D:4      | Bought a scroll of fear for 40 gold pieces
   760 | D:4      | Bought a scroll of identify for 20 gold pieces
   760 | D:4      | Bought a scroll of identify for 20 gold pieces
  1229 | D:4      | Reached skill level 1 in Ice Magic
  1229 | D:4      | Reached skill level 1 in Evocations
  1231 | D:4      | Reached XP level 7. HP: 43/50 MP: 6/14
  1253 | D:4      | Killed bungle's ghost
  1324 | D:4      | Glimpsed the power of Zot.
  1331 | D:5      | Entered Level 5 of the Dungeon
  1389 | D:5      | Found a staircase to the Ecumenical Temple.
  1408 | Temple   | Entered the Ecumenical Temple
  1804 | D:5      | Reached XP level 8. HP: 38/58 MP: 3/16
  1824 | D:5      | Identified the +2 leather armour of the Red Skies {rF+}
  1833 | D:5      | Found a sacrificial altar of Ru.
  1910 | D:5      | Found a runed translucent door.
  1911 | D:5      | Noticed Crazy Yiuf
  2071 | D:5      | Glimpsed the power of Zot.
  2099 | D:6      | Reached skill level 1 in Fighting
  2099 | D:6      | Reached skill level 5 in Spellcasting
  2108 | D:6      | Reached skill level 1 in Staves
  2144 | D:6      | Reached skill level 8 in Necromancy
  2293 | D:7      | Found a shadowy altar of Dithmenos.
  2334 | D:7      | Noticed Maggie
  2353 | D:7      | Killed Maggie
  2354 | D:7      | Gained mutation: You passively map the area around you.
                  | [Meteoran growth]
  2354 | D:7      | Reached XP level 9. HP: 41/64 MP: 0/20
  2372 | D:7      | Slain by an orc warrior

Illustrated notes

Levels and vault maps discovered:
D:1:      tarquinn_simple_flora_water_b, layout_basic
D:2:      layout_basic
D:3:      layout_basic
D:4:      layout_layer_cave, serial_shops, shop, ebering_ghost_sewer_d
D:5:      layout_cave_pools, minitemple, mainiacjoe_overflow_six_doors_small,
          minmay_temple_entry_large_hall, palyth_stone_intersect,
          minmay_misc_feat_pillars, uniq_crazy_yiuf_cottage
D:6:      layout_loops_ring
D:7:      layout_cave_pools, tgw_xom, nicolae_dithmenos_the_darkroom,
          sigmund_edmund_badplayer, uniq_duvessa, uniq_maggie
Temple:   compressed_dpeg_triangle_lava_temple

Skill      XL: |  1  2  3  4  5  6  7  8 |
---------------+-------------------------+-----
Spellcasting   | 3 4 7 |  7.1
Necromancy     | 5 6 7 8 |  8.5
Dodging        | 3 |  3.4
Ice Magic      | 1 3 |  3.0
Evocations     | 2 3 |  3.0
Fighting       | 1 |  1.2
Staves         | 3 |  3.0
Stealth        | |  1.4

Action                     |  1- 3 |  4- 6 |  7- 9 || total
---------------------------+-------+-------+-------++-------
  Melee: Unarmed           |    34 |    15 |       ||    49
         Punch             |       |     1 |     1 ||     2
         Staff             |       |       |    40 ||    40
         War axe           |       |       |     3 ||     3
   Cast: Necrotise         |    30 |    48 |    42 ||   120
         Vampiric Draining |       |     9 |    19 ||    28
         Animate Dead      |       |     2 |     4 ||     6
    Use: Potion            |       |       |     5 ||     5
         Scroll            |       |       |     3 ||     3
   Stab: Sleeping          |     1 |       |       ||     1
         Distracted        |     1 |       |     2 ||     3
 Armour: Robe              |    14 |     1 |    21 ||    36
         Skin              |       |       |    19 ||    19
  Dodge: Dodged            |    34 |    29 |    52 ||   115
